 Dungeon Crawl Stone Soup version 0.31.0-4-g52a2dc7128 (webtiles) character file.

Game seed: 12910068950220806328

576 bobarctor the Grave Robber (level 7, -5/41 (46) HPs)
             Began as a Demonspawn Necromancer on Jan 22, 2024.
             Slain by a wight
             ... wielding a +4 falchion
              (8 damage)
             ... on level 6 of the Dungeon.
             The game lasted 00:27:49 (4586 turns).

bobarctor the Grave Robber (Demonspawn Necromancer) Turns: 4586, Time: 00:27:50

HP:   -5/41 (46)    AC: 14    Str:  8    XL:     7   Next: 12%
MP:   15/15         EV: 12    Int: 18    God:
Gold: 217           SH:  0    Dex: 13    Spells: 12/17 levels left

rFire   . . .        t - +3 short sword (venom)
rCold   . . .        (no shield)
rNeg    . . .        a - +0 robe
rPois   .            (no helmet)
rElec   .            (no cloak)
rCorr   .            k - +2 pair of gloves
SInv    .            (no boots)
Will    +....        (no amulet)
Stlth   ++           o - ring of willpower
HPRegen 0.26/turn    (no ring)
MPRegen 0.14/turn

%: no passive effects
@: sanguine armoured, heavily drained
A: sanguine armour 2
a: no special abilities


You were on level 6 of the Dungeon.
You visited 1 branch of the dungeon, and saw 6 of its levels.

You collected 245 gold pieces.
You spent 28 gold pieces at shops.

Inventory:

Hand Weapons
 c - a +0 whip
 g - a +0 dagger
 s - a +2 spear of venom
 t - a +3 short sword of venom (weapon)
 y - a +0 spear of freezing
Missiles
 j - 48 stones
 x - 9 boomerangs
Armour
 a - a +0 robe (worn)
 k - a +2 pair of gloves (worn)
Jewellery
 o - a ring of willpower (left hand)
Talismans
 p - a serpent talisman
Wands
 q - a wand of light (12)
 w - a wand of flame (29)
Scrolls
 e - 5 scrolls of identify
 f - 2 scrolls of teleportation {unknown}
 i - 5 scrolls of revelation {unknown}
 l - a scroll of blinking {unknown}
 u - a scroll of fear {unknown}
 v - a scroll of noise {unknown}
Potions
 b - a potion of magic
 d - 2 potions of heal wounds
 h - 5 potions of curing
 m - 2 potions of ambrosia
 n - a potion of haste
 r - a potion of berserk rage {unknown}


   Skills:
 + Level 2.4 Dodging
 + Level 2.2 Stealth
 * Level 5.6 Spellcasting
 + Level 6.4 Necromancy


You had 12 spell levels left.
You knew the following spells:

 Your Spells              Type           Power      Damage    Failure   Level
a - Necrotise             Necr           100%       1d9       1%          1
b - Vampiric Draining     Necr           28%        2d8       2%          3
c - Summon Small Mammal   Summ           20%        N/A       13%         1

Your spell library contained the following spells:

 Spells                   Type           Power      Damage    Failure   Level
 Fugue of the Fallen      Necr           28%        N/A       2%          3
 Animate Dead             Necr           28%        N/A       9%          4
 Apportation              Tloc           10%        N/A       13%         1
 Sting                    Conj/Alch      20%        1d4       13%         1
 Ensorcelled Hibernation  Hex/Ice        10%        N/A       19%         2
 Curse of Agony           Necr           28%        N/A       24%         5
 Anguish                  Hex/Necr       8%         N/A       32%         4
 Martyr's Knell           Necr/Summ      16%        N/A       32%         4
 Call Canine Familiar     Summ           5%         N/A       36%         3
 Summon Blazeheart Golem  Fire/Summ      5%         N/A       77%         4


Dungeon Overview and Level Annotations

Branches:
Dungeon (6/15)
 Temple: D:4-7

Altars:
Dithmenos
Wu Jian
Xom

Shops:
D:3 *   D:6 *


Innate Abilities, Weirdness & Mutations

When seriously injured, your blood forms thick armour. (AC +9)


Message History

The wight attacks as it pursues you! The wight misses you.
There is a stone staircase leading down here.
The wight barely misses you.
You climb downwards.
Found Hukhly's Assorted Antiques.
There is a stone staircase leading up here.
You hit the wight.
The wight is heavily damaged.
The wight hits you with a +4 falchion.
You hit the wight.
The wight is severely damaged.
The wight barely misses you.
You hit the wight but do no damage.
The wight is severely damaged.
The wight hits you with a +4 falchion.
You feel drained.
You hit the wight but do no damage.
The wight is severely damaged.
The wight hits you but does no damage.
You closely miss the wight.
The wight is severely damaged.
The wight closely misses you.
You barely miss the wight.
The wight is severely damaged.
The wight hits you with a +4 falchion.
* * * LOW HITPOINT WARNING * * *
You feel drained.
* * * LOW HITPOINT WARNING * * *
You barely miss the wight.
The wight is severely damaged.
The wight hits you with a +4 falchion.
* * * LOW HITPOINT WARNING * * *
You closely miss the wight. You punch the wight, but do no damage.
The wight is severely damaged.
The wight hits you with a +4 falchion!
* * * LOW HITPOINT WARNING * * *
You feel drained.
You barely miss the wight.
The wight is severely damaged.
The wight hits you with a +4 falchion!
You die...

#........#
#.P.P....#
#..∩P....#
#.P.P....#
.......#
.....+ #.z.#
#.@.#
+............
#####.#######
#.# #.. #..
#.. #..#


You could see a wight.

Vanquished Creatures
  A phantom (D:5)
  4 crimson imps (D:4)
  A hound (D:4)
  2 orc priests
  4 orc wizards
  4 adders
  2 gnolls
  2 ufetubi (D:5)
  3 ribbon worms
  2 dart slugs
  12 orcs
  9 endoplasms
  4 giant cockroaches
  5 goblins
  6 hobgoblins
  7 jackals (D:2)
  3 quokkas
  6 ball pythons
  4 bats
  5 frilled lizards
  7 kobolds
  7 rats
100 creatures vanquished.

Vanquished Creatures (collateral kills)
  2 endoplasms
  A kobold (D:1)
  A quokka (D:3)
  3 rats (D:1)
7 creatures vanquished.

Grand Total: 107 creatures vanquished

Notes
Turn   | Place    | Note
-------+----------+-------------------------------------------
     0 | D:1      | bobarctor the Demonspawn Necromancer began the quest for
                  | the Orb.
     0 | D:1      | Reached XP level 1. HP: 13/13 MP: 3/3
   245 | D:1      | Gained mutation: When seriously injured, your blood forms
                  | armour. (AC +9) [demonic ancestry]
   245 | D:1      | Reached XP level 2. HP: 17/19 MP: 0/5
   488 | D:1      | Found a faded altar of an unknown god.
   821 | D:1      | Reached skill level 5 in Necromancy
   859 | D:1      | Reached XP level 3. HP: 24/24 MP: 1/6
  1307 | D:2      | Learned a level 3 spell: Vampiric Draining
  1348 | D:2      | Learned a level 1 spell: Summon Small Mammal
  2035 | D:2      | Reached XP level 4. HP: 30/30 MP: 6/8
  2539 | D:3      | Found Hikenkeo's General Store.
  2555 | D:3      | Bought a scroll of identify for 28 gold pieces
  2561 | D:3      | Found a shadowy altar of Dithmenos.
  3349 | D:4      | Reached XP level 5. HP: 35/35 MP: 6/10
  3740 | D:4      | Found a shimmering altar of Xom.
  3769 | D:4      | Reached skill level 6 in Necromancy
  3779 | D:4      | Gained mutation: When seriously injured, your blood forms
                  | thick armour. (AC +9) [demonic ancestry]
  3779 | D:4      | Reached XP level 6. HP: 39/41 MP: 12/12
  4048 | D:4      | Reached skill level 5 in Spellcasting
  4203 | D:5      | Entered Level 5 of the Dungeon
  4300 | D:5      | Reached XP level 7. HP: 31/46 MP: 2/15
  4544 | D:5      | Found an ornate altar of the Wu Jian Council.
  4577 | D:6      | Found Hukhly's Assorted Antiques.
  4586 | D:6      | Slain by a wight

Illustrated notes

Levels and vault maps discovered:
D:1:      ebering_hopf_link, layout_basic,
          hellmonk_ecumenical_altar_arch_garden, st_stairs_6
D:2:      layout_loops_corners
D:3:      layout_rooms, mainiacjoe_overflow_boulevard, serial_shops,
          nicolae_shop_statue_plus, minmay_distorted
D:4:      layout_loops_ring, led_xom_imps
D:5:      minmay_angry_zag, layout_basic, nicolae_wu_jian_wuxing_cycle,
          amcnicky_mini_corridor_feature
D:6:      layout_basic, mainiacjoe_overflow_surrounded_room, serial_shops,
          nicolae_shop_overgrown_old_shop, minmay_statues_item

Skill      XL: |  1  2  3  4  5  6 |
---------------+-------------------+-----
Necromancy     | 5 6 |  6.4
Spellcasting   | 3 4 5 |  5.6
Stealth        | 2 |  2.2
Dodging        | 2 |  2.4

Action                     |  1- 3 |  4- 6 |  7- 9 || total
---------------------------+-------+-------+-------++-------
  Melee: Whip              |    11 |       |       ||    11
         Punch             |     1 |       |     1 ||     2
         Dagger            |    41 |       |       ||    41
         Short sword       |       |   121 |    36 ||   157
         Spear             |       |     1 |       ||     1
   Cast: Necrotise         |    68 |    63 |       ||   131
         Vampiric Draining |     1 |     4 |     2 ||     7
    Use: Scroll            |       |     4 |       ||     4
         Potion            |       |     1 |       ||     1
   Stab: Sleeping          |       |     1 |       ||     1
 Armour: Robe              |    24 |    91 |    32 ||   147
  Dodge: Dodged            |    35 |    84 |    16 ||   135
